Map: 16-Bit LE

Players

Lillekanin

  • Race: Terran Terran
  • Spawn Location: 1:00

RiSky - Winner!

  • Race: Zerg Zerg
  • Spawn Location: 7:00

Event: WCS Valencia 2018

VOD

Have the link to the VOD?

Description

Time

  • Played on: July 12, 2018, 6:23 a.m.
  • Length: 13:08

All games in this series

Show
View Real Time Build Order
Export as new Build Order

Lillekanin Terran 

Build Orders: Command Center First (CC), Hellion Banshee, Mech 

Get SALT Encoding   

  12  0:01  SCV  
  13  0:13  SCV  
  14  0:19  Supply Depot  
  14  0:25  SCV  
  15  0:40  SCV  
  16  0:52  SCV  
  17  1:01  Command Center  
  17  1:05  SCV  
  18  1:16  Barracks  
  18  1:19  SCV  
  19  1:26  Refinery  
  19  1:31  SCV  
  20  1:35  Refinery  
  20  1:43  SCV  
  22  2:03  Marine  
  22  2:04  Orbital Command  
  22  2:16  Factory  
  22  2:18  Orbital Command  
  22  2:29  Barracks Reactor  
  22  2:30  SCV  
  22  2:36  Supply Depot  
  23  2:42  SCV  
  24  2:45  SCV  
  25  2:54  SCV  
  26  2:59  SCV  
  26  3:02  Starport  
  27  3:06  SCV  
  27  3:09  Hellion x2  
  27  3:11  SCV  
  33  3:15  Barracks Tech Lab  
  33  3:19  Supply Depot  
  33  3:20  SCV  
  33  3:24  SCV  
  35  3:31  Hellion  
  35  3:32  SCV  
  38  3:44  SCV  
  38  3:46  Cloaking Field  
  42  3:49  Medivac  
  42  3:53  Hellion x2  
  45  3:57  SCV  
  45  3:59  Supply Depot  
  46  4:05  SCV  
  46  4:09  SCV  
  48  4:11  Armory  
  48  4:14  Hellion x2  
  52  4:17  SCV  
  53  4:26  Banshee, Command Center  
  53  4:28  SCV  
  53  4:30  SCV  
  58  4:36  Refinery  
  58  4:37  Refinery  
  58  4:40  SCV  
  59  4:47  Barracks Tech Lab, Factory  
  59  4:48  Factory  
  59  4:51  Supply Depot  
  59  4:52  SCV  
  60  5:03  SCV  
  60  5:04  SCV  
  60  5:06  Terran Vehicle Weapons Level 1  
  62  5:13  Hellion x2  
  62  5:14  Banshee  
  66  5:15  SCV  
  70  5:26  SCV  
  70  5:28  SCV  
  56  5:37  Factory Tech Lab  
  56  5:38  SCV  
  56  5:40  SCV  
  56  5:41  Armory  
  56  5:42  Supply Depot x2  
  58  5:46  Hellion x2  
  58  5:48  Orbital Command  
  62  5:50  SCV  
  62  5:52  Siege Tank, SCV  
  67  6:02  Siege Tank, SCV  
  71  6:04  SCV  
  71  6:06  Orbital Command  
  71  6:08  Raven  
  71  6:10  Hellion x2  
  78  6:15  SCV  
  78  6:16  SCV  
  80  6:26  Factory  
  80  6:28  Factory  
  80  6:31  SCV x3  
  80  6:38  Barracks Reactor  
  80  6:43  SCV x2  
  80  6:44  SCV, Terran Vehicle And Ship Armor Level 1  
  80  6:46  Engineering Bay  
  83  6:50  Siege Tank  
  83  6:51  Refinery  
  83  6:53  Refinery  
  86  6:54  Hellion  
  86  6:55  SCV x2, Hellion  
  93  7:01  SCV  
  93  7:06  Supply Depot x2  
  93  7:07  Terran Vehicle Weapons Level 2, SCV  
  94  7:10  SCV  
  94  7:11  Supply Depot  
  94  7:12  Supply Depot  
  95  7:18  Factory Tech Lab  
  95  7:19  Missile Turret  
  95  7:20  Missile Turret, SCV x2  
  95  7:21  Missile Turret  
  97  7:23  SCV  
  97  7:26  Hellion x3  
  97  7:27  Hellion x3  
  97  7:28  Siege Tank  
  97  7:29  Hellion  
  100  7:32  Siege Tank  
  100  7:35  SCV x2  
  105  7:40  SCV  
  106  7:53  Command Center  
  106  7:58  Supply Depot  
  106  7:59  Thor  
  106  8:00  Supply Depot  
  106  8:02  Supply Depot  
  112  8:07  Banshee  
  104  8:12  Starport  
  104  8:15  Siege Tank  
  104  8:16  Hellion  
  106  8:27  Missile Turret  
  106  8:28  Missile Turret  
  106  8:29  Infernal Pre-Igniter  
  106  8:31  Hellion  
  108  8:35  SCV x2  
  108  8:38  Siege Tank  
  113  8:47  Cyclone  
  113  8:50  Starport Tech Lab  
  113  8:58  Siege Tank  
  113  8:59  Hellion  
  114  9:06  Siege Tank, Hellion  
  119  9:15  Banshee  
  122  9:19  Banshee  
  122  9:21  Orbital Command  
  122  9:22  SCV  
  126  9:24  Siege Tank  
  126  9:30  Siege Tank  
  126  9:31  Hellion  
  135  9:37  Hellion x2  
  137  9:47  Hellion x2  
  137  9:50  SCV  
  142  9:58  Banshee  
  145  10:02  Banshee  
  144  10:08  SCV x2  
  144  10:09  SCV  
  130  10:26  Hyperflight Rotors  
  130  10:28  Hellion x2  
  134  10:30  Refinery  
  134  10:33  Planetary Fortress  
  134  10:34  Refinery  
  134  10:35  Refinery  
  131  10:37  Hellion  
  131  10:38  Hellion  
  130  10:44  Banshee  
  127  10:55  Hellion  
  127  10:56  Hellion  
  122  11:02  Siege Tank  
  122  11:03  Hellion x3  
  113  11:17  Hellion x2  
  113  11:18  Cyclone  
  116  11:24  Hellion x3  
  122  11:28  SCV  
  123  11:34  Cyclone  
  123  11:37  Banshee  
  123  11:38  Hellion  
  133  11:41  Supply Depot  
  133  11:46  Siege Tank, Hellion  
  135  11:50  Hellion  
  135  11:56  Hellion x2  
  135  12:00  Hellion  
  141  12:02  SCV x3  
  141  12:04  Starport  
  141  12:06  Missile Turret  
  141  12:07  Siege Tank, Hellion  
  147  12:12  Hellion  
  147  12:14  Missile Turret x2, SCV  
  150  12:17  Hellion  
  150  12:18  Siege Tank  
  150  12:22  Hellion x2  
  156  12:27  SCV  
  150  12:32  Hellion  
  150  12:33  Hellion  
  142  12:39  Hellion  
  141  12:44  Hellion  
  141  12:45  SCV, Hellion  
  139  12:53  SCV  
  139  12:55  SCV  
Show
View Real Time Build Order
Export as new Build Order

RiSky Zerg - Winner!

Build Orders: Hatch First, Swarm Host 

Get SALT Encoding   

  12  0:00  Drone  
  13  0:12  Overlord  
  13  0:17  Drone  
  14  0:30  Drone  
  14  0:31  Drone  
  14  0:34  Drone  
  17  0:53  Hatchery  
  17  0:56  Drone  
  17  0:59  Drone  
  18  1:10  Extractor  
  17  1:15  Spawning Pool  
  16  1:18  Drone  
  16  1:22  Drone  
  18  1:27  Drone  
  19  1:38  Overlord  
  19  1:50  Drone  
  20  2:01  Queen  
  20  2:02  Zergling x2  
  20  2:05  Zergling x2, Queen  
  26  2:11  Drone  
  26  2:13  Metabolic Boost  
  27  2:16  Drone  
  27  2:21  Drone  
  29  2:27  Drone  
  30  2:32  Drone  
  31  2:42  Hatchery  
  30  2:45  Drone  
  30  2:49  Queen  
  33  2:54  Overlord  
  33  2:57  Drone  
  34  3:00  Drone  
  34  3:03  Drone  
  36  3:12  Drone x4  
  40  3:15  Overlord  
  40  3:17  Drone x2  
  42  3:21  Drone x2  
  42  3:25  Overlord  
  44  3:33  Queen  
  46  3:36  Drone  
  46  3:38  Queen  
  48  3:42  Overlord  
  48  3:44  Drone  
  48  3:48  Drone  
  50  3:51  Zergling x4  
  50  3:52  Zergling x4  
  50  3:54  Drone  
  55  3:59  Queen  
  55  4:01  Drone  
  58  4:05  Overlord  
  58  4:07  Drone  
  58  4:08  Drone  
  60  4:13  Drone x2  
  60  4:14  Overlord  
  60  4:15  Drone  
  63  4:22  Overlord  
  63  4:23  Lair  
  63  4:28  Queen  
  63  4:29  Drone  
  63  4:30  Drone  
  67  4:32  Spore Crawler  
  67  4:34  Spore Crawler  
  67  4:36  Spore Crawler  
  67  4:38  Drone  
  65  4:43  Drone x3  
  68  4:48  Zergling x4, Roach Warren  
  68  4:52  Zergling x4  
  71  4:53  Drone x2  
  71  4:57  Drone x2  
  75  5:01  Overlord, Extractor, Evolution Chamber  
  75  5:02  Extractor, Drone  
  75  5:05  Overlord  
  73  5:09  Drone  
  73  5:10  Overlord  
  76  5:14  Zergling x8  
  80  5:21  Overlord  
  80  5:27  Drone  
  81  5:28  Overlord  
  81  5:32  Drone  
  81  5:33  Overlord  
  80  5:36  Extractor, Drone x2  
  80  5:38  Extractor  
  80  5:40  Infestation Pit  
  79  5:43  Drone x4  
  79  5:44  Drone  
  82  5:50  Overlord  
  82  5:51  Drone x3  
  82  5:53  Zerg Missile Weapons Level 1, Extractor  
  82  5:54  Drone  
  82  5:55  Evolution Chamber  
  83  5:58  Overseer  
  83  6:01  Drone  
  83  6:02  Overlord  
  82  6:06  Drone  
  82  6:09  Drone  
  83  6:13  Overlord  
  83  6:17  Overlord, Drone  
  83  6:18  Drone x2  
  86  6:19  Drone  
  86  6:21  Zerg Ground Armor Level 1  
  86  6:25  Drone x2  
  89  6:26  Drone  
  89  6:31  Hatchery  
  89  6:32  Drone x3  
  92  6:34  Drone x3  
  92  6:37  Drone x2  
  92  6:38  Drone  
  98  6:46  Swarm Host x3  
  99  6:52  Swarm Host x2  
  109  6:55  Swarm Host  
  109  7:00  Swarm Host x2  
  117  7:06  Swarm Host x3  
  126  7:08  Swarm Host  
  129  7:16  Swarm Host  
  129  7:20  Swarm Host  
  135  7:24  Roach  
  135  7:25  Roach x3  
  143  7:33  Overlord x2  
  143  7:34  Drone x4  
  145  7:38  Extractor, Swarm Host x3  
  145  7:41  Extractor  
  145  7:42  Drone  
  153  7:45  Drone x2  
  153  7:47  Drone x2  
  153  7:49  Drone  
  153  7:50  Drone x2  
  160  7:51  Drone x2  
  160  7:56  Overlord  
  162  7:59  Swarm Host  
  162  8:00  Swarm Host x2  
  175  8:05  Roach x2  
  175  8:06  Roach  
  175  8:09  Roach  
  175  8:12  Roach x2  
  183  8:14  Zerg Missile Weapons Level 2  
  183  8:15  Drone x2  
  185  8:24  Roach x3  
  185  8:26  Roach  
  191  8:29  Overlord  
  191  8:32  Overlord  
  191  8:37  Spine Crawler x2  
  189  8:44  Hive  
  189  8:48  Spire  
  188  8:50  Roach x2  
  188  8:51  Hatchery  
  186  8:56  Roach  
  186  8:57  Roach x2  
  186  8:59  Roach x2  
  188  9:05  Drone x2  
  188  9:07  Hydralisk Den  
  189  9:10  Ravager x6  
  189  9:11  Ravager  
  195  9:37  Muscular Augments  
  195  9:43  Roach x2  
  199  9:48  Zerg Ground Armor Level 2  
  199  9:49  Spine Crawler  
  199  9:52  Glial Reconstitution  
  198  9:56  Spine Crawler x2  
  198  9:59  Spine Crawler  
  194  10:01  Spine Crawler  
  194  10:03  Greater Spire  
  184  10:07  Drone x2  
  184  10:08  Drone x3  
  186  10:19  Extractor  
  181  10:22  Hydralisk x4  
  181  10:23  Hydralisk x7  
  200  10:30  Zerg Melee Weapons Level 1  
  200  10:32  Extractor  
  195  10:43  Hydralisk x3  
  195  10:47  Spine Crawler  
  195  10:48  Grooved Spines, Queen x2  
  195  10:52  Queen x2  
  189  11:05  Corruptor x3  
  189  11:06  Corruptor x2  
  189  11:27  Spire  
  192  11:51  Brood Lord x5  
  198  12:05  Spine Crawler  
  198  12:06  Drone x2  
  198  12:07  Drone  
  200  12:21  Pneumatized Carapace  
  198  12:35  Spore Crawler  
  198  12:36  Spore Crawler  
Tags
 
Add a new tag
Caveats
  • Supply blocks, unpowered buildings, or Contaminate may cause inaccurate times.
  • Supply counts are checked every 10 seconds.